 Dungeon Crawl Stone Soup version 0.25-a0-860-gf695395b5c (webtiles) character file.

Game seed: 12079512647735057704, levelgen mode: deterministic

1012 Maedhros the Spear-Bearer (level 8, -5/46 HPs)
             Began as an Octopode Fighter on Apr 27, 2020.
             Slain by a sky beast (6 damage)
             ... on level 5 of the Dungeon.
             The game lasted 00:05:57 (3358 turns).

Maedhros the Spear-Bearer (Octopode Fighter)        Turns: 3358, Time: 00:05:58

Health: -5/46      AC:  1    Str: 15    XL:     8   Next: 21%
Magic:  7/7        EV: 12    Int: 11    God:
Gold:   130        SH: 10    Dex: 15    Spells: 7/7 levels left

rFire    . . .     SeeInvis .   a - +0 trident
rCold    . . .     Gourm    .   b - +1 kite shield
rNeg     . . .     Faith    .   (helmet restricted)
rPois    .         Spirit   .   (no amulet)
rElec    .         Reflect  .   g - ring of attention (curse)
rCorr    .         Harm     .   (no ring)
MR       .....                  (no ring)
Stlth    +.........             (no ring)
HPRegen  0.15/turn              (no ring)
MPRegen  0.10/turn              (no ring)
                                (no ring)
                                (no ring)

@: no status effects
A: almost no armour, stealthy swim, amphibious, 8 rings, constrict 8, tentacle
spike 1, camouflage 1, agile 1, frail 1, low mp 1, gelatinous body 1
a: no special abilities


You were on level 5 of the Dungeon.
You were hungry.

You visited 1 branch of the dungeon, and saw 5 of its levels.

You collected 130 gold pieces.

Inventory:

Hand Weapons
 a - a +0 trident (weapon)
Armour
 b - a +1 kite shield (worn)
Jewellery
 g - a cursed ring of attention (left tentacle)
Wands
 q - a wand of clouds (5)
Scrolls
 i - a scroll of enchant weapon {unknown}
 j - 3 scrolls of remove curse {unknown}
 k - 2 scrolls of amnesia {unknown}
 l - 2 scrolls of identify {unknown}
 m - a scroll of fear {unknown}
Potions
 c - a potion of might
Comestibles
 d - 3 rations


   Skills:
 - Level 3.0 Fighting
 + Level 9.5 Polearms
 - Level 3.0 Dodging
 - Level 3.0 Shields


You had 7 spell levels left.
You didn't know any spells.
Your spell library contained the following spells:

 Spells                   Type           Power        Failure   Level  Hunger
 Magic Dart               Conj           #...         86%         1    ##.....
 Searing Ray              Conj           #.....       94%         2    ###....
 Dazzling Flash           Conj/Hex       #.....       99%         3    ####...
 Fulminant Prism          Conj/Hex       #.........   100%        4    #####..
 Iskenderun's Mystic Bla  Conj/Tloc      #.......     100%        4    #####..


Dungeon Overview and Level Annotations

Branches:
Dungeon (5/15)
 Temple: D:4-7

Altars:
Ashenzari
Wu Jian

Shops:
D:4 =%*(

Annotations:
D:4 Edmund


Innate Abilities, Weirdness & Mutations

You cannot wear most types of armour.
You are very stealthy in the water. (Stealth+)
You are amphibious.
You can wear up to eight rings at the same time.
You can use your tentacles to constrict eight enemies at once.
Your skin changes colour to match your surroundings (Stealth+).
Your rubbery body absorbs attacks. (AC +1, EV +1)
One of your tentacles bears a spike.
You are agile. (Dex +2)
You are frail. (-10% HP)
Your magical capacity is low. (-10% MP)


Message History

* * * LOW HITPOINT WARNING * * *
Something shocks you.
* * * LOW HITPOINT WARNING * * *
You feel better. Something hits you.
* * * LOW HITPOINT WARNING * * *
Something shocks you.
* * * LOW HITPOINT WARNING * * *
As you read the scroll labeled LAEZOX XOBBIAM, it crumbles to dust.
It is a scroll of enchant armour.
Your +0 kite shield glows green for a moment.
Something hits you.
* * * LOW HITPOINT WARNING * * *
Something shocks you.
* * * LOW HITPOINT WARNING * * *
As you read the scroll labeled EGESKU KUASCHOK, it crumbles to dust.
The creatures around you are filled with an inner flame!
It was a scroll of immolation.
Something hits you.
* * * LOW HITPOINT WARNING * * *
Something shocks you.
You die...

### #@# ###{# ##
#.#.## #.#
#....##.#
##......#
#.....#####.#
#....<......#
#..#..........#
...##....####..#


There were no monsters in sight!

Vanquished Creatures
  Grinder (D:3)
  Sigmund (D:3)
  An ogre (D:4)
  A scorpion (D:3)
  A howler monkey (D:4)
  A centaur zombie (D:4)
  A hound (D:3)
  2 orc priests (D:4)
  Terence (D:3)
  A worker ant (D:4)
  4 orc wizards
  Robin (D:3)
  3 gnolls
  7 adders
  An ooze (D:1)
  2 adder skeletons (D:4)
  4 worms
  A dart slug (D:3)
  3 leopard geckos
  16 orcs
  5 bats
  4 giant cockroaches
  16 goblins
  6 hobgoblins
  3 kobolds
  A quokka (D:3)
  2 ball pythons (D:3)
  2 frilled lizards (D:3)
  6 rats
98 creatures vanquished.

Notes
Turn   | Place    | Note
-------+----------+-------------------------------------------
     0 | D:1      | Maedhros the Octopode Fighter began the quest for the Orb.
     0 | D:1      | Reached XP level 1. HP: 16/16 MP: 1/1
   134 | D:1      | Reached XP level 2. HP: 16/21 MP: 2/2
   498 | D:1      | Reached skill level 3 in Polearms
   646 | D:2      | Found a shattered altar of Ashenzari.
   651 | D:2      | Reached XP level 3. HP: 24/26 MP: 3/3
  1021 | D:2      | Found an ornate altar of the Wu Jian Council.
  1044 | D:2      | Reached skill level 4 in Polearms
  1045 | D:2      | Reached XP level 4. HP: 23/31 MP: 4/4
  1136 | D:2      | You fall into a shaft and drop 1 floor!
  1183 | D:3      | Noticed Grinder
  1188 | D:3      | Killed Grinder
  1188 | D:3      | Reached skill level 6 in Polearms
  1188 | D:3      | Reached XP level 5. HP: 4/36 MP: 5/5
  1188 | D:3      | Reached XP level 6. HP: 5/42 MP: 6/6
  1191 | D:3      | HP: 2/42 [orc/+0 flail (9)]
  1452 | D:3      | Noticed Robin
  1524 | D:3      | Killed Robin
  1726 | D:3      | Noticed Terence
  1733 | D:3      | Killed Terence
  1743 | D:3      | Noticed Sigmund
  1752 | D:3      | Killed Sigmund
  1752 | D:3      | Reached skill level 7 in Polearms
  1752 | D:3      | Reached XP level 7. HP: 25/46 MP: 7/7
  2202 | D:4      | Reached skill level 8 in Polearms
  2335 | D:4      | Found Onekk's Jewellery Shoppe.
  2592 | D:4      | Noticed Edmund
  2826 | D:4      | Gained mutation: Your muscles are strong. (Str +2) [potion
                  | of mutation]
  2826 | D:4      | Gained mutation: Your spells are a little harder to cast,
                  | but a little more powerful. [potion of mutation]
  3044 | D:4      | Found Irirgh's Assorted Antiques.
  3080 | D:4      | Reached skill level 9 in Polearms
  3080 | D:4      | Reached XP level 8. HP: 42/52 MP: 8/8
  3081 | D:4      | Found Zeloho Weoc's Antique Weapon Boutique.
  3115 | D:4      | Lost mutation: Your muscles are strong. (Str +2) [potion of
                  | mutation]
  3115 | D:4      | Lost mutation: Your spells are a little harder to cast, but
                  | a little more powerful. [potion of mutation]
  3115 | D:4      | Gained mutation: One of your tentacles bears a spike.
                  | [potion of mutation]
  3115 | D:4      | Gained mutation: Your magical capacity is low. (-10% MP)
                  | [potion of mutation]
  3115 | D:4      | Gained mutation: You are frail. (-10% HP) [potion of
                  | mutation]
  3115 | D:4      | Gained mutation: You are agile. (Dex +2) [potion of
                  | mutation]
  3208 | D:4      | Found Lewnabepsi's Food Shop.
  3335 | D:5      | Entered Level 5 of the Dungeon
  3357 | D:5      | HP: 2/46 [something (5)]
  3358 | D:5      | Slain by a sky beast

Levels and vault maps discovered:
D:1:      matt_arrival_spirals, layout_basic
D:2:      layout_basic, nicolae_overflow_crystal_walls, lemuel_round_altar,
          minitemple
D:3:      layout_loops_ring, first_ration, uniq_grinder, uniq_robin,
          uniq_sigmund, uniq_terence
D:4:      layout_cave_pools, serial_shops, nicolae_shop_statue_plus,
          kennysheep_mini_moat, nicolae_shop_overgrown_old_shop,
          nicolae_shop_waterfront, nicolae_shop_overgrown_old_shop,
          chequers_decorated_corner, uniq_edmund
D:5:      layout_layer_cave, kennysheep_generic_room_12, uniq_blork_the_orc,
          uniq_menkaure, uniq_eustachio

Skill      XL: |  1  2  3  4  5  6  7 |
---------------+----------------------+-----
Polearms       | 3 4 6 7 9 |  9.5
Fighting       | |  3.0
Dodging        | |  3.0
Shields        | |  3.0

Action                   |  1- 3 |  4- 6 |  7- 9 || total
-------------------------+-------+-------+-------++-------
Melee: Trident           |    43 |    79 |   119 ||   241
       Constrict         |    11 |    23 |    19 ||    53
       Tentacles         |     7 |    13 |    21 ||    41
       Kick              |       |       |     8 ||     8
Throw: Dart              |       |       |     6 ||     6
Evoke: Wand              |       |       |     1 ||     1
  Use: Potion            |       |     2 |     6 ||     8
       Scroll            |       |       |     2 ||     2
 Stab: Sleeping          |     3 |       |     2 ||     5
  Eat: Chunk             |       |     3 |     1 ||     4
       Ration            |       |       |     1 ||     1
Armor: Skin              |     2 |     8 |     2 ||    12
Dodge: Dodged            |    13 |    29 |    54 ||    96
Block: Kite shield       |     4 |    32 |    49 ||    85

Table legend:
 A = Non-vault XP
 B = Vault XP
 C = Vault XP percentage of total XP
 D = Non-vault monster count
 E = Vault monster count
 F = Vault count percentage of total count
                 A         B        C        D         E       F
            +---------+---------+-------+---------+---------+-------
      Total |     889 |     558 |  38.6 |      83 |      15 |  15.3
            +---------+---------+-------+---------+---------+-------
        D:1 |      24 |       0 |   0.0 |      11 |       0 |   0.0
        D:2 |      71 |       0 |   0.0 |      14 |       0 |   0.0
        D:3 |     328 |     558 |  63.0 |      37 |      15 |  28.8
        D:4 |     466 |       0 |   0.0 |      21 |       0 |   0.0
            +---------+---------+-------+---------+---------+-------
